 Dungeon Crawl Stone Soup version 0.16.1-4-g8e1b745 (webtiles) character file.

384 MackTheKnife the Skirmisher (level 6, -1/57 HPs)
             Began as a Centaur Wanderer on Mar 27, 2015.
             Killed from afar by an orc wizard (6 damage)
             ... with a magic dart
             ... on level 4 of the Dungeon.
             The game lasted 00:12:13 (4613 turns).

MackTheKnife the Skirmisher (Centaur Wanderer)      Turns: 4613, Time: 00:12:14

Health: -1/57      AC:  3    Str: 13    XL:     6   Next: 47%
Magic:  5/5        EV:  6    Int: 10    God:
Gold:   198        SH:  7    Dex: 13    Spells: 0 memorised, 5 levels left

rFire  . . .     SeeInvis .     c - +0 hand axe
rCold  . . .     Clarity  .     o - -2 leather armour (curse)
rNeg   . . .     SustAb   .     a - +0 shield
rPois  .         Gourm    .     p - +0 helmet
rElec  .         Spirit   .     (no cloak)
rCorr  .         Warding  .     (no gloves)
rMut   .         Stasis   .     (no barding)
MR     +....                    m - amulet of faith {Faith, !P}
Stlth  ++........               i - ring of stealth {Stlth+}
                                d - ring of protection from magic {MR+, !d}

@: very quick, somewhat resistant to hostile enchantments, unstealthy
A: hooves 3, deformed body, speed 2, tough skin 3
a: no special abilities


You were on level 4 of the Dungeon.
You were not hungry.

You visited 2 branches of the dungeon, and saw 5 of its levels.

You collected 198 gold pieces.

Inventory:

Hand weapons
 c - a +0 hand axe (weapon)
 e - a +2 short sword of venom
   (You took it off an orc on level 3 of the Dungeon)
Armour
 a - a +0 shield (worn)
 h - a +0 ring mail
   (You found it on level 1 of the Dungeon)
 o - a cursed -2 leather armour (worn)
   (You found it on level 3 of the Dungeon)
 p - a +0 helmet (worn)
   (You took it off Robin on level 3 of the Dungeon)
Jewellery
 d - a ring of protection from magic (left hand) {MR+, !d}
   (You found it on level 1 of the Dungeon)
 i - a ring of stealth (right hand) {Stlth+}
   (You found it on level 1 of the Dungeon)
 m - an amulet of faith (around neck) {Faith, !P}
   (You found it on level 2 of the Dungeon)
Magical devices
 q - a wand of digging (16)
   (You took it off Natasha on level 2 of the Dungeon)
Scrolls
 k - a scroll of amnesia {unknown}
 n - 2 scrolls of identify
 t - a scroll of fear
Potions
 b - 2 potions of curing
 j - 2 potions of agility {unknown}
 l - a potion of cancellation
 r - a potion of beneficial mutation {unknown}
 s - a potion of ambrosia {unknown}
Comestibles
 f - 2 bread rations {@e1}
 g - a meat ration {@e2}


   Skills:
 + Level 6.0 Fighting
 - Level 4.2 Axes
 - Level 1.3 Throwing
 - Level 1.0 Shields
   Level 1.0 Necromancy
   Level 1.7 Transmutations


You had 5 spell levels left.
You didn't know any spells.

Dungeon Overview and Level Annotations

Branches:
Dungeon (4/15)             Temple (1/1) D:4

Altars:
Ashenzari
Cheibriados
Dithmenos
Elyvilon
Fedhas
Gozag
Kikubaaqudgha
Makhleb
Nemelex Xobeh
Qazlal
Ru
Sif Muna
Vehumet
Xom
Yredelemnul
Zin
The Shining One


Innate Abilities, Weirdness & Mutations

You have hooves in place of feet.
Armour fits poorly on your strangely shaped body.
You cover ground very quickly.
You have extremely tough skin (AC +3).


Message History

An orc priest is nearby!
You hit the orc priest. Your kick misses the orc priest.
You block the orc priest's attack.
You hit the orc priest.
The orc priest glows brightly for a moment.
You hit the orc priest. The orc priest barely misses you.
You closely miss the orc priest. Your kick misses the orc priest.
The orc priest calls down the wrath of Beogh upon you.
Pain shoots through your body! The orc priest closely misses you.
You take 3 damage, and have 54/57 hp.
You hit the orc priest but do no damage.
You hit the orc priest. You kick the orc priest.
You kill the orc priest!
A rat, an orc and 2 orc wizards come into view.
The orc wizard shouts!
The orc wizard moves out of view.
A giant newt and an orc come into view.
Things that are here:
a mace; an orc corpse The orc shouts!
You closely miss the orc wizard. You block the orc wizard's attack.
You hit the orc wizard. Your kick misses the orc wizard.
The orc wizard gestures wildly while chanting.
The orc wizard seems to speed up.
The orc wizard casts a spell.
The orc wizard blinks!
A rat comes into view.
Unknown command.
You hit the orc wizard.
The orc wizard casts a spell.
The orc wizard seems to speed up.
The rat moves out of view.
The rat bites you but does no damage.
The orc shouts!
You hit the orc wizard but do no damage.
Your kick misses the orc wizard. You hit the rat but do no damage.
The orc wizard hits you with a dagger.
The orc wizard gestures wildly while chanting.
The orc wizard blinks!
The rat closely misses you.
You take 1 damage, and have 55/57 hp.
Unknown command.
Unknown command.
The orc wizard points at you and mumbles some strange words.
The magic dart hits you!
You take 6 damage, and have 50/57 hp.
Unknown command.
You closely miss the orc wizard. The orc wizard closely misses you.
The orc wizard gestures at you while chanting.
The magic dart hits you!
You take 7 damage, and have 43/57 hp.
You miss the orc wizard. You kick the orc wizard. You closely miss the rat.
The orc wizard hits you with a dagger. The rat bites you.
The orc wizard gestures wildly while chanting.
The orc wizard flickers and vanishes!
Deactivating autopickup; reactivate with Ctrl-A.
You block the orc wizard's attack.
You take 3 damage, and have 40/57 hp.
You closely miss the orc wizard. You hit the orc.
You kill the orc!
You closely miss the rat. The rat barely misses you.
The orc wizard hits you but does no damage.
The rat barely misses you.
You closely miss the orc wizard. You hit the rat.
You kill the rat!
Your Fighting skill increases to level 6!
You block the orc wizard's attack. The orc wizard hits you with a dagger.
Something hits you.
You take 7 damage, and have 33/57 hp.
Unknown command.
You barely miss the orc wizard. You hit something.
The orc wizard barely misses you.
You hear some strange, mumbled words.
The puff of flame hits you!
The orc throws a tomahawk.
You block the tomahawk.
The orc wizard hits you but does no damage.
You take 10 damage, and have 23/57 hp.
Unknown command.
You barely miss the orc wizard. You barely miss something. Something hits you.
* * * LOW HITPOINT WARNING * * *
The orc wizard points at you and mumbles some strange words.
The magic dart hits you!
* * * LOW HITPOINT WARNING * * *
Something hits you but does no damage.
The orc throws a tomahawk.
You take 10 damage, and have 13/57 hp.
Unknown command.
The orc wizard hits you but does no damage.
You hear some strange, mumbled words.
The magic dart hits you!
* * * LOW HITPOINT WARNING * * *
The orc throws a tomahawk.
The tomahawk hits you.
* * * LOW HITPOINT WARNING * * *
You see here a tomahawk.
You take 10 damage, and have 3/57 hp.
Drink which item? (? for menu, Esc to quit)
You feel better.
The orc wizard hits you but does no damage.
The orc wizard barely misses you. Something hits you.
* * * LOW HITPOINT WARNING * * *
You regained 2 hp, and now have 5/57 hp.
The orc wizard casts a spell at you. The magic dart hits you!
You die...

....o. #...o.. ### .
#..... .. . #.... .#
###. #.r.####.# ....
#.oo....# #..#
######..# #..#
#####o)# #..#
#..@((.# #..#######
#.###o.# .........##
##.###..#
...##.....###...##..#
[#.##.##......#.....#
...#...#.###....##.##
.......#.# #.#.###.#
## ### .......#.#
#.#.# #.. ... ...
.....###.# .....
........# #..


You could see an orc wizard and an orc.

Vanquished Creatures
  A sky beast (D:3)
  An ogre (D:4)
  An orc priest (D:4)
  Natasha (thrice) (D:3 D:2)
  An iguana (D:4)
  Robin (D:3)
  4 adders
  2 giant geckos
  An ooze (D:4)
  6 orcs
  4 ball pythons
  A bat skeleton (D:3)
  A bat zombie (D:4)
  5 hobgoblins
  9 bats
  4 giant cockroaches
  5 giant newts
  11 goblins
  4 jackals (D:4)
  7 kobolds
  A quokka skeleton (D:4)
  16 rats
89 creatures vanquished.

Vanquished Creatures (others)
  A hobgoblin (D:3)
  5 goblins (D:3)
6 creatures vanquished.

Grand Total: 95 creatures vanquished

Notes
Turn   | Place    | Note
--------------------------------------------------------------
     0 | D:1      | MackTheKnife, the Centaur Wanderer, began the quest for the Orb.
     0 | D:1      | MackTheKnife set off with: a +0 shield, Olyu's Grimoire of Changing, a +0 hand axe, a +0 robe, a bread ration {@e1}
     0 | D:1      | Reached XP level 1. HP: 17/17 MP: 1/1
     0 | D:1      | Identified Olyu's Grimoire of Changing
   212 | D:1      | Reached skill level 3 in Axes
   328 | D:1      | Reached XP level 2. HP: 19/24 MP: 2/2
  1162 | D:2      | Found a shimmering altar of Xom.
  1162 | D:2      | Found a shimmering altar of Xom.
  1487 | D:2      | Reached XP level 3. HP: 24/29 MP: 3/3
  1597 | D:2      | Reached skill level 4 in Axes
  2072 | D:3      | Noticed Robin
  2205 | D:3      | Found a radiant altar of Vehumet.
  2288 | D:3      | Noticed Natasha
  2301 | D:3      | Killed Natasha
  2301 | D:3      | Reached skill level 3 in Fighting
  2301 | D:3      | Reached XP level 4. HP: 26/38 MP: 3/3
  2494 | D:3      | Noticed Natasha
  2522 | D:3      | Killed Natasha
  2526 | D:3      | Noticed Natasha
  2765 | D:2      | Killed Natasha
  2983 | D:3      | Killed Robin
  3096 | D:3      | Reached XP level 5. HP: 40/46 MP: 4/4
  3575 | D:3      | Found a white marble altar of Elyvilon.
  3575 | D:3      | Found a blossoming altar of Fedhas.
  3593 | D:4      | Noticed a sky beast
  3604 | D:3      | Killed a sky beast
  3604 | D:3      | Reached skill level 4 in Fighting
  3723 | D:4      | Noticed an ogre
  3732 | D:4      | Killed an ogre
  3732 | D:4      | Reached skill level 5 in Fighting
  3732 | D:4      | Reached XP level 6. HP: 38/56 MP: 5/5
  3856 | D:4      | Found a shadowy altar of Dithmenos.
  4105 | D:4      | Found a staircase to the Ecumenical Temple.
  4129 | D:4      | Noticed a phantom
  4134 | Temple   | Entered the Ecumenical Temple
  4199 | Temple   | HP: 13/57 [phantom (5)]
  4608 | D:4      | Reached skill level 6 in Fighting
  4610 | D:4      | HP: 13/57 [orc wizard/magic dart (4)]
  4611 | D:4      | HP: 6/57 [something/magic dart (7)]
  4613 | D:4      | Killed from afar by an orc wizard

Action                   |  1- 3 |  4- 6 || total
-------------------------+-------+-------++-------
Melee: Hand axe          |   172 |   209 ||   381
Throw: Tomahawk          |       |    10 ||    10
       Stone             |       |     1 ||     1
  Use: Scroll            |     2 |     4 ||     6
       Potion            |     1 |     1 ||     2
 Stab: Sleeping          |       |     1 ||     1
  Eat: Chunk             |     3 |     3 ||     6
       Bread ration      |       |     1 ||     1

Vault maps used:
D:1:      tarquinn_simple_flora_water_f, minmay_shallow_snake_nest
D:2:      xom_redecorated, serial_forest, infiniplex_forest_end_1,
          infiniplex_forest_end_2, infiniplex_forest_lined_3,
          infiniplex_forest_lined_3, infiniplex_forest_clump_medium,
          infiniplex_forest_end_3, infiniplex_forest_lined_room_,
          infiniplex_forest_lined_2, infiniplex_forest_clump_long
D:3:      lemuel_coloured_pillars_altar, gammafunk_temple_overflow_elements,
          first_bread, lemuel_old_faithful, uniq_robin, uniq_natasha
D:4:      serial_park_square1, kennysheep_mini,
          minmay_temple_entry_statues_pillars
Temple:   circular_temple_12

Table legend:
 A = Turns spent in this place as a percentage of turns spent in the entire game.
 B = Non-inter-level travel turns spent in this place as a percentage of non-inter-level travel turns spent in the entire game.
 C = Inter-level travel turns spent in this place as a percentage of turns spent in this place.
 D = Turns resting spent in this place as a percentage of non-inter-level travel turns spent in this place.
 E = Turns spent auto-exploring this place as a percentage of non-inter-level travel turns spent in this place.
 F = Non-inter-level travel turns spent in this place divided by the number of levels of this place that you've seen.
                   A       B       C       D       E      F
               +-------+-------+-------+-------+-------+----------------------
         Total | 100.0 | 100.0 |   0.3 |   4.1 |   4.9 | 302.0
       Dungeon |  94.0 |  94.0 |   0.4 |   4.4 |   5.2 | 354.8
        Temple |   6.0 |   6.0 |   0.0 |   0.0 |   0.0 |  91.0
               +-------+-------+-------+-------+-------+----------------------

Table legend:
 A = Kills in this place as a percentage of kills in entire the game.
 B = Kills by you in this place as a percentage of kills by you in the entire game.
 C = Kills by friends in this place as a percentage of kills by friends in the entire game.
 D = Other kills in this place as a percentage of other kills in the entire game.
 E = Experience gained in this place as a percentage of experience gained in the entire game.
 F = Experience gained in this place divided by the number of levels of this place that you have seen.
                   A       B       C       D       E      F
               +-------+-------+-------+-------+-------+----------------------
         Total | 100.0 | 100.0 |  -nan |  -nan | 100.0 | 109.8
       Dungeon | 100.0 | 100.0 |  -nan |  -nan | 100.0 | 137.2
               +-------+-------+-------+-------+-------+----------------------
